[ AOE2 MATCH · #506793653 ]
UnrankedTeutons vs Persians
Player's team · WIN
Rival team · LOSS
[ REPLAY ANALYSIS · EXTRACTED FROM THE RECORDED GAME ]
Feudal
9:04
Castle
27:52
Imperial
—
| APM avg | 24.6 |
| APM peak | 46 |
| eAPM avg | 16.3 |
| Villagers / military | 83 / 34 |
Focus
⚔️ 32.8% · 🌾 67.2%
Knight ×28 · Spearman ×6
Feudal
8:15
Castle
25:44
Imperial
—
| APM avg | 54.6 |
| APM peak | 84 |
| eAPM avg | 24.4 |
| Villagers / military | 105 / 76 |
Focus
⚔️ 34.5% · 🌾 65.5%
Camel Scout ×31 · Knight ×25 · Scout Cavalry ×16 · Cavalry Archer ×3 · Spearman ×1
Match map
Initial resources + every placement click. Lines = walls · curves = elevation contours. ◆ gold · ⬟ stone · ● berries · ✦ relic · ◌ wall gap
Your base· Open — 4t gap
Calm Calamari's base· Open — 5t gap
Smoothed initial terrain · ◌ = detected wall gap · hover for details
Inputs per minute
— Lord_calderon - - Calm Calamari
Build order — Lord_calderon
First 150 of 233 actions detected
| 0:01 | Queue | Villager (Male) |
| 0:02 | Queue | Villager (Male) |
| 0:03 | Build | House |
| 0:04 | Build | House |
| 0:25 | Queue | Villager (Male) |
| 1:05 | Queue | Villager (Male) |
| 1:06 | Queue | Villager (Male) |
| 1:33 | Queue | Villager (Male) |
| 1:58 | Queue | Villager (Male) |
| 1:59 | Queue | Villager (Male) |
| 2:28 | Queue | Villager (Male) |
| 2:28 | Queue | Villager (Male) |
| 2:40 | Queue | Villager (Male) |
| 2:40 | Queue | Villager (Male) |
| 2:40 | Queue | Villager (Male) |
| 3:03 | Queue | Villager (Male) |
| 3:36 | Build | House |
| 3:38 | Build | Lumber Camp |
| 3:42 | Queue | Villager (Male) |
| 4:03 | Queue | Villager (Male) |
| 4:30 | Queue | Villager (Male) |
| 4:59 | Build | Mill |
| 5:02 | Queue | Villager (Male) |
| 5:23 | Queue | Villager (Male) |
| 5:23 | Queue | Villager (Male) |
| 5:23 | Research | Loom |
| 6:54 | Research | Feudal Age |
| 6:54 | Research | Feudal Age |
| 7:32 | Build | Mining Camp |
| 7:47 | Build | Palisade Wall |
| 7:51 | Build | House |
| 7:52 | Build | Palisade Wall |
| 7:56 | Build | Palisade Wall |
| 8:39 | Queue | Villager (Male) |
| 8:42 | Build | Palisade Wall |
| 8:45 | Build | Palisade Wall |
| 8:46 | Build | Palisade Wall |
| 8:52 | Build | Palisade Gate |
| 9:04 | Age | Feudal Age |
| 9:04 | Build | Palisade Wall |
| 9:07 | Build | Palisade Wall |
| 9:26 | Build | Watch Tower |
| 9:28 | Queue | Villager (Male) |
| 9:33 | Queue | Villager (Male) |
| 9:53 | Queue | Villager (Male) |
| 10:14 | Build | Watch Tower |
| 10:16 | Build | Palisade Wall |
| 10:20 | Queue | Villager (Male) |
| 10:38 | Build | Palisade Wall |
| 11:11 | Queue | Villager (Male) |
| 11:16 | Build | Watch Tower |
| 11:20 | Build | Palisade Wall |
| 11:22 | Build | Palisade Wall |
| 11:24 | Build | Palisade Wall |
| 11:26 | Build | Palisade Wall |
| 11:29 | Build | Palisade Wall |
| 11:35 | Queue | Villager (Male) |
| 11:40 | Build | House |
| 12:07 | Queue | Villager (Male) |
| 12:12 | Build | Palisade Wall |
| 12:20 | Build | House |
| 12:34 | Queue | Villager (Male) |
| 12:36 | Build | Farm |
| 12:36 | Build | Farm |
| 12:36 | Build | Farm |
| 12:37 | Build | Farm |
| 12:37 | Build | Farm |
| 12:58 | Queue | Villager (Male) |
| 13:05 | Build | Farm |
| 13:07 | Build | Farm |
| 13:22 | Build | Watch Tower |
| 13:49 | Build | Farm |
| 13:51 | Queue | Villager (Male) |
| 14:10 | Queue | Villager (Male) |
| 14:29 | Build | Blacksmith |
| 14:44 | Build | Mill |
| 14:45 | Queue | Villager (Male) |
| 14:53 | Queue | Villager (Male) |
| 15:00 | Build | Watch Tower |
| 15:35 | Queue | Villager (Male) |
| 15:44 | Research | Fletching |
| 15:53 | Build | Farm |
| 15:53 | Build | Farm |
| 16:00 | Queue | Villager (Male) |
| 16:08 | Build | Watch Tower |
| 16:35 | Queue | Villager (Male) |
| 16:39 | Build | House |
| 16:40 | Build | House |
| 17:04 | Queue | Villager (Male) |
| 17:21 | Build | Watch Tower |
| 17:36 | Build | Watch Tower |
| 18:01 | Queue | Villager (Male) |
| 18:18 | Queue | Villager (Male) |
| 18:24 | Queue | Villager (Male) |
| 18:33 | Queue | Villager (Male) |
| 18:58 | Queue | Villager (Male) |
| 19:19 | Build | House |
| 19:21 | Queue | Villager (Male) |
| 20:07 | Build | Farm |
| 20:09 | Build | Barracks |
| 20:26 | Build | Farm |
| 20:27 | Build | Farm |
| 20:37 | Queue | Villager (Male) |
| 21:08 | Queue | Spearman |
| 21:09 | Queue | Spearman |
| 21:11 | Queue | Villager (Male) |
| 21:14 | Research | Double-Bit Axe |
| 21:14 | Research | Double-Bit Axe |
| 21:36 | Queue | Villager (Male) |
| 21:49 | Build | Mining Camp |
| 22:03 | Build | Watch Tower |
| 22:08 | Build | House |
| 22:12 | Build | Farm |
| 22:13 | Build | Farm |
| 22:13 | Queue | Villager (Male) |
| 23:01 | Build | Palisade Wall |
| 23:03 | Build | Palisade Wall |
| 23:06 | Build | Palisade Wall |
| 23:14 | Queue | Villager (Male) |
| 23:16 | Build | Stable |
| 23:20 | Build | Farm |
| 23:20 | Build | Farm |
| 23:20 | Build | Farm |
| 23:21 | Build | Farm |
| 23:21 | Build | Farm |
| 23:45 | Build | House |
| 23:55 | Queue | Villager (Male) |
| 24:21 | Build | Farm |
| 24:22 | Build | Farm |
| 24:22 | Queue | Villager (Male) |
| 24:26 | Build | Farm |
| 24:36 | Build | Stable |
| 24:39 | Build | Farm |
| 25:12 | Research | Castle Age |
| 25:12 | Research | Castle Age |
| 25:26 | Build | Stable |
| 25:55 | Research | Bloodlines |
| 25:56 | Build | Farm |
| 26:01 | Build | House |
| 26:03 | Build | Palisade Wall |
| 26:22 | Build | Farm |
| 26:26 | Research | Scale Barding Armor |
| 26:49 | Research | Forging |
| 27:14 | Build | Farm |
| 27:16 | Build | Farm |
| 27:39 | Build | House |
| 27:52 | Age | Castle Age |
| 28:02 | Build | Town Center |
| 28:08 | Build | Palisade Wall |
| 28:12 | Queue | Knight ×5 |
Build order — Calm Calamari
First 150 of 326 actions detected
| 0:01 | Queue | Villager (Male) |
| 0:01 | Queue | Villager (Male) |
| 0:01 | Queue | Villager (Male) |
| 0:02 | Queue | Villager (Male) |
| 0:02 | Queue | Villager (Male) |
| 0:02 | Queue | Villager (Male) |
| 0:03 | Build | House |
| 0:05 | Build | House |
| 1:23 | Queue | Villager (Male) |
| 2:01 | Queue | Villager (Male) |
| 2:02 | Queue | Villager (Male) |
| 2:09 | Build | Lumber Camp |
| 2:26 | Queue | Villager (Male) |
| 2:27 | Queue | Villager (Male) |
| 2:46 | Queue | Villager (Male) |
| 3:02 | Queue | Villager (Male) |
| 3:30 | Build | House |
| 3:53 | Queue | Villager (Male) |
| 3:53 | Queue | Villager (Male) |
| 4:09 | Queue | Villager (Male) |
| 4:13 | Queue | Villager (Male) |
| 5:00 | Queue | Villager (Male) |
| 5:05 | Build | Mill |
| 5:13 | Research | Loom |
| 6:11 | Research | Feudal Age |
| 6:12 | Research | Feudal Age |
| 7:01 | Queue | Villager (Male) |
| 7:14 | Build | House |
| 7:51 | Build | Barracks |
| 8:15 | Age | Feudal Age |
| 8:29 | Queue | Villager (Male) |
| 8:32 | Build | Stable |
| 8:50 | Queue | Villager (Male) |
| 9:11 | Queue | Villager (Male) |
| 9:15 | Queue | Scout Cavalry |
| 9:16 | Queue | Spearman |
| 9:17 | Queue | Scout Cavalry |
| 9:24 | Build | Mill |
| 9:40 | Queue | Villager (Male) |
| 9:51 | Build | House |
| 9:53 | Queue | Villager (Male) |
| 10:04 | Build | House |
| 10:13 | Queue | Villager (Male) |
| 11:07 | Queue | Villager (Male) |
| 11:09 | Queue | Villager (Male) |
| 11:23 | Build | Lumber Camp |
| 11:24 | Queue | Villager (Male) |
| 11:28 | Build | Mining Camp |
| 11:29 | Queue | Villager (Male) |
| 11:39 | Build | House |
| 11:41 | Build | House |
| 11:42 | Queue | Villager (Male) |
| 11:49 | Build | House |
| 11:52 | Build | Palisade Wall |
| 12:00 | Queue | Scout Cavalry |
| 12:18 | Build | Farm |
| 12:56 | Queue | Scout Cavalry |
| 12:58 | Build | Farm |
| 13:15 | Queue | Villager (Male) |
| 13:19 | Build | Farm |
| 13:25 | Build | Mill |
| 13:26 | Build | Farm |
| 13:26 | Build | Farm |
| 13:27 | Build | Farm |
| 13:27 | Build | Farm |
| 13:27 | Build | Farm |
| 13:27 | Build | Farm |
| 13:28 | Build | Farm |
| 13:56 | Queue | Villager (Male) |
| 14:02 | Queue | Scout Cavalry |
| 14:27 | Queue | Villager (Male) |
| 14:52 | Build | Watch Tower |
| 14:58 | Queue | Villager (Male) |
| 15:08 | Build | Watch Tower |
| 15:10 | Queue | Villager (Male) |
| 15:22 | Queue | Villager (Male) |
| 15:44 | Queue | Villager (Male) |
| 15:46 | Build | Farm |
| 15:46 | Build | Farm |
| 15:47 | Build | Farm |
| 15:47 | Build | Farm |
| 15:47 | Build | Farm |
| 15:48 | Build | Farm |
| 15:52 | Build | Watch Tower |
| 16:15 | Queue | Villager (Male) |
| 16:21 | Build | House |
| 16:23 | Build | House |
| 16:33 | Build | House |
| 16:37 | Build | House |
| 16:42 | Queue | Villager (Male) |
| 16:44 | Research | Double-Bit Axe |
| 17:16 | Build | Watch Tower |
| 17:19 | Queue | Villager (Male) |
| 17:56 | Build | Watch Tower |
| 18:01 | Build | Watch Tower |
| 18:05 | Queue | Villager (Male) |
| 18:16 | Build | Mill |
| 18:18 | Build | Farm |
| 18:19 | Build | Farm |
| 18:19 | Build | Farm |
| 18:19 | Build | Farm |
| 18:19 | Build | Farm |
| 18:20 | Build | Farm |
| 18:25 | Research | Horse Collar |
| 18:26 | Queue | Villager (Male) |
| 19:05 | Build | Watch Tower |
| 19:13 | Queue | Villager (Male) |
| 19:16 | Build | Market |
| 19:20 | Build | Farm |
| 19:43 | Build | Mining Camp |
| 19:47 | Queue | Villager (Male) |
| 19:59 | Build | Outpost |
| 20:14 | Queue | Scout Cavalry |
| 20:14 | Queue | Villager (Male) |
| 20:26 | Build | Farm |
| 20:27 | Queue | Villager (Male) |
| 20:43 | Queue | Villager (Male) |
| 20:47 | Build | House |
| 20:51 | Build | House |
| 20:53 | Queue | Villager (Male) |
| 21:07 | Build | House |
| 21:08 | Build | House |
| 21:11 | Build | House |
| 21:14 | Build | Farm |
| 21:17 | Build | Farm |
| 21:19 | Build | Farm |
| 21:33 | Queue | Villager (Male) |
| 21:38 | Build | Farm |
| 21:54 | Build | Stable |
| 22:18 | Queue | Villager (Male) |
| 22:19 | Queue | Villager (Male) |
| 23:03 | Build | Stable |
| 23:19 | Research | Castle Age |
| 23:19 | Research | Castle Age |
| 23:36 | Research | Bloodlines |
| 23:45 | Build | Blacksmith |
| 24:02 | Queue | Villager (Male) |
| 24:05 | Build | House |
| 24:16 | Build | House |
| 24:17 | Build | House |
| 24:18 | Queue | Villager (Male) |
| 24:33 | Queue | Villager (Male) |
| 24:40 | Research | Scale Barding Armor |
| 25:00 | Build | Mill |
| 25:01 | Build | Farm |
| 25:01 | Build | Farm |
| 25:01 | Build | Farm |
| 25:01 | Build | Farm |
| 25:02 | Build | Farm |
| 25:02 | Build | Farm |
Match timeline
| 7:47 | Lord_calderon · wall_segment Palisade Wall x1 |
| 7:51 | Calm Calamari · first_building Barracks |
| 7:52 | Lord_calderon · wall_segment Palisade Wall x1 |
| 7:56 | Lord_calderon · wall_segment Palisade Wall x7 |
| 8:15 | Calm Calamari · age_up feudal |
| 8:32 | Calm Calamari · first_building Stable |
| 8:42 | Lord_calderon · wall_segment Palisade Wall x1 |
| 8:45 | Lord_calderon · wall_segment Palisade Wall x3 |
| 8:46 | Lord_calderon · wall_segment Palisade Wall x4 |
| 9:04 | Lord_calderon · age_up feudal |
| 9:04 | Lord_calderon · wall_segment Palisade Wall x1 |
| 9:07 | Lord_calderon · wall_segment Palisade Wall x2 |
| 10:16 | Lord_calderon · wall_segment Palisade Wall x1 |
| 10:38 | Lord_calderon · wall_segment Palisade Wall x1 |
| 11:20 | Lord_calderon · wall_segment Palisade Wall x1 |
| 11:22 | Lord_calderon · wall_segment Palisade Wall x1 |
| 11:24 | Lord_calderon · wall_segment Palisade Wall x1 |
| 11:26 | Lord_calderon · wall_segment Palisade Wall x1 |
| 11:29 | Lord_calderon · wall_segment Palisade Wall x1 |
| 11:52 | Calm Calamari · wall_segment Palisade Wall x9 |
| 12:12 | Lord_calderon · wall_segment Palisade Wall x1 |
| 20:09 | Lord_calderon · first_building Barracks |
| 22:23 | Calm Calamari · first_market_sell 500 wood |
| 23:01 | Lord_calderon · wall_segment Palisade Wall x1 |
| 23:03 | Lord_calderon · wall_segment Palisade Wall x1 |
| 23:06 | Lord_calderon · wall_segment Palisade Wall x1 |
| 23:16 | Lord_calderon · first_building Stable |
| 23:34 | Calm Calamari · first_market_buy 100 food |
| 25:44 | Calm Calamari · age_up castle |
| 26:03 | Lord_calderon · wall_segment Palisade Wall x4 |
| 27:52 | Lord_calderon · age_up castle |
| 28:08 | Lord_calderon · wall_segment Palisade Wall x1 |
| 33:28 | Lord_calderon · wall_segment Palisade Wall x1 |
| 36:39 | Lord_calderon · wall_segment Stone Wall x1 |
| 38:07 | Calm Calamari · first_building Archery Range |
| 38:28 | Lord_calderon · first_building Monastery |
| 39:33 | Calm Calamari · resign |
[ AI ANALYSIS · 1 CREDIT ]
What really happened in this match?
Wolo.gg analyzes every decision: build order, eco, micro, common mistakes by bracket. Personalized analysis on WhatsApp or Discord in 30 seconds.
Civ guide
Teutons
Perfil
Jugador #2723392